 Dungeon Crawl Stone Soup version 0.28-a0-1234-g826d19b2e0 (webtiles) character file.

Game seed: 958084457038290722

95 r3xj the Stinger (level 4, -1/33 HPs)
             Began as a Draconian Venom Mage on Dec 23, 2021.
             Slain by a jackal (3 damage)
             ... on level 2 of the Dungeon.
             The game lasted 00:06:22 (2287 turns).

r3xj the Stinger (Draconian Venom Mage)             Turns: 2287, Time: 00:06:22

Health: -1/33      AC:  5    Str: 10    XL:     4   Next: 40%
Magic:  1/7        EV: 12    Int: 17    God:
Gold:   80         SH:  0    Dex: 12    Spells: 7/8 levels left

rFire   . . .      SeeInvis .   b - +1 dagger (freeze)
rCold   . . .      Faith    .   (no shield)
rNeg    . . .      Spirit   .   (armour unavailable)
rPois   .          Reflect  .   (helmet restricted)
rElec   .          Harm     .   (no cloak)
rCorr   .          Rampage  .   (no gloves)
Will    .....                   (no boots)
Stlth   ++........              (no amulet)
HPRegen 0.11/turn               (no ring)
MPRegen 0.10/turn               (no ring)

@: slowed, very slow
A: AC +5, unfitting armour, cold-blooded
a: no special abilities


You were on level 2 of the Dungeon.
You visited 1 branch of the dungeon, and saw 2 of its levels.

You collected 80 gold pieces.

Inventory:

Hand Weapons
 b - a +1 dagger of freezing (weapon)
Scrolls
 a - 2 scrolls of identify {unknown}
 c - a scroll of blinking {unknown}
Potions
 d - 3 potions of lignification {unknown}
 e - a potion of resistance


   Skills:
 + Level 2.4 Dodging
 + Level 2.5 Stealth
 + Level 2.6 Spellcasting
 + Level 2.0 Transmutations
 + Level 3.5 Poison Magic


You had 7 spell levels left.
You knew the following spells:

 Your Spells              Type           Power      Damage    Failure   Level
a - Sting                 Tmut/Pois      44%        1d5       6%          1

Your spell library contained the following spells:

 Spells                   Type           Power      Damage    Failure   Level
 Poisonous Vapours        Pois/Air       16%        N/A       13%         2
 Mephitic Cloud           Conj/Pois/Air  6%         N/A       32%         3
 Olgreb's Toxic Radiance  Pois           14%        N/A       38%         4


Dungeon Overview and Level Annotations

Branches:
Dungeon (2/15)

Altars:

Annotations:
D:2 Natasha


Innate Abilities, Weirdness & Mutations

Your plain brown scales are hard. (AC +5)
You cannot fit into any form of body armour.
You are cold-blooded and may be slowed by cold attacks.


Message History

Nothing appears to happen.
Natasha claws you.
Natasha drinks a potion.
Natasha is healed!
Natasha looks more healthy.
The crimson imp hits you but does no damage.
The sting misses Natasha.
The jackal barks!
Natasha stares at you and mumbles some strange words.
The magic dart hits you. The crimson imp closely misses you.
The sting hits Natasha.
Natasha is poisoned.
Natasha is moderately wounded.
Natasha mumbles some strange words.
The crimson imp grinds its teeth.
The crimson imp closely misses you.
Natasha casts a spell.
The crimson imp hits you but does no damage.
The sting hits Natasha but does no damage.
Natasha looks even sicker.
Natasha is heavily wounded.
Natasha closely misses you. The jackal barely misses you.
The crimson imp hits you.
You closely miss Natasha.
You tail-slap Natasha, but do no damage.
Natasha is heavily wounded.
The jackal barely misses you. Natasha closely misses you.
The crimson imp blinks!
The jackal bites you. Natasha claws you.
The crimson imp blinks!
The shadow imp spits at you. The shadow imp closely misses you.
The jackal closely misses you.
Your magical contamination has completely faded away.
You hit Natasha. You freeze Natasha.
Natasha is severely wounded.
The crimson imp closely misses you. The jackal bites you. Natasha claws you!
* * * LOW HITPOINT WARNING * * *
The shadow imp hits you but does no damage.
The crimson imp hits you.
* * * LOW HITPOINT WARNING * * *
The jackal barely misses you. The jackal barely misses you.
The crimson imp blinks!
Natasha claws you.
* * * LOW HITPOINT WARNING * * *
The jackal bites you.
You die...

#.####.#.#...#.# #.
#.#.####.## #.
..#.####.## ##
###...†...#
..#####†..# #.# #...#
#.# #.÷.# # #.# #...#
#..## #.# #.@.#
...=..#.#####hh5####
#..........5.......
#........§.........
#..................
..S.########.5.######
#..#. #...# .. h
#>..# # # #...#


You could see Natasha (very poisoned), 2 crimson imps, a shadow imp (summoned)
and a jackal.

Vanquished Creatures
  Natasha (D:2)
  Robin (D:2)
  An adder (D:2)
  2 dart slugs (D:1)
  2 endoplasms
  2 giant cockroaches (D:2)
  5 hobgoblins
  2 jackals (D:2)
  2 kobolds
  A quokka (D:2)
  5 ball pythons
  3 bats
  A frilled lizard (D:2)
  12 goblins
  4 rats (D:1)
44 creatures vanquished.

Vanquished Creatures (others)
  3 plants (D:1)
3 creatures vanquished.

Grand Total: 47 creatures vanquished

Notes
Turn   | Place    | Note
-------+----------+-------------------------------------------
     0 | D:1      | r3xj the Draconian Venom Mage began the quest for the Orb.
     0 | D:1      | Reached XP level 1. HP: 14/14 MP: 3/3
   674 | D:1      | Found a faded altar of an unknown god.
   701 | D:1      | Reached XP level 2. HP: 19/20 MP: 1/5
  1454 | D:2      | Noticed Robin
  1498 | D:2      | Reached XP level 3. HP: 25/26 MP: 1/6
  1936 | D:2      | Killed Robin
  2073 | D:2      | Noticed Natasha
  2086 | D:2      | Killed Natasha
  2087 | D:2      | Reached XP level 4. HP: 29/33 MP: 0/7
  2274 | D:2      | Noticed Natasha
  2287 | D:2      | Slain by a jackal

Illustrated notes

Levels and vault maps discovered:
D:1:      minmay_arrival_solitary_statue, layout_loops_corners,
          ebering_ecumenical_altar_abandoned, serial_bayou,
          serial_bayou_shore_b, serial_bayou_lagoon_a, serial_bayou_ford_a,
          serial_bayou_shore_b
D:2:      layout_loops_cross, uniq_robin, uniq_natasha, uniq_sigmund

Skill      XL: |  1  2  3 |
---------------+----------+-----
Stealth        | 2 |  2.5
Dodging        | 2 |  2.4
Transmutations | 2 |  2.0
Spellcasting   | |  2.6
Poison Magic   | |  3.5

Action                   |  1- 3 |  4- 6 || total
-------------------------+-------+-------++-------
Melee: Unarmed           |     8 |       ||     8
       Dagger            |    28 |    10 ||    38
       Tailslap          |     3 |     2 ||     5
 Cast: Sting             |    70 |    17 ||    87
Armor: Skin              |    19 |    12 ||    31
Dodge: Dodged            |    36 |    25 ||    61

Table legend: (Time is in decaauts)
 A = Elapsed time spent in this place.
 B = Non-inter-level travel time spent in this place.
 C = Inter-level travel time spent in this place.
 D = Time resting spent in this place.
 E = Time spent auto-exploring this place.
 F = Levels seen in this place.
 G = Mean time per level.
                   A        B        C        D        E       F      G
               +--------+--------+--------+--------+--------+-----+--------+
         Total |   2315 |   2223 |     92 |    134 |   1736 |   2 | 1157.5 |
       Dungeon |   2315 |   2223 |     92 |    134 |   1736 |   2 | 1157.5 |
               +--------+--------+--------+--------+--------+-----+--------+

Top non-repeatable levels by time:
     D:1: 1548 daAuts
     D:2: 767 daAuts
